 Dungeon Crawl Stone Soup version 0.20-a0-681-geebb5fe (webtiles) character file.

5973 ElephantJack the Martial Artist (level 10, -1/50 HPs)
             Began as a Vine Stalker Monk on Apr 21, 2017.
             Was a Priest of Ieoh Jian.
             Succumbed to a spiny frog's poison
             ... on level 1 of the Lair of Beasts.
             The game lasted 00:17:08 (8495 turns).

ElephantJack the Martial Artist (Vine Stalker Monk) Turns: 8495, Time: 00:17:08

Health: -1/50      AC: 14    Str: 14    XL:     10   Next: 84%
Magic:  19/20      EV:  5    Int: 13    God:    Ieoh Jian [***...]
Gold:   433        SH:  0    Dex: 20    Spells: 9/9 levels left

rFire    + . .     SeeInvis .     - Unarmed
rCold    . . .     Gourm    .   f - +0 plate armour
rNeg     . . .     Faith    .   (no shield)
rPois    .         Spirit   +   h - +1 hat {Int+3}
rElec    .         Reflect  .   (no cloak)
rCorr    .         Harm     .   (no gloves)
MR       +....                  w - +0 pair of boots
Stlth    ..........             (no amulet)
Regen    0.6/turn               K - ring of protection from fire
MPRegen  0.2/turn               u - ring of magical power

@: lethally poisoned (-1 -> -28), exhausted
A: fangs 3, regeneration 1, magic shield, antimagic bite, no potion heal 3, rot
immunity
a: Renounce Religion


You were on level 1 of the Lair of Beasts.
You worshipped Ieoh Jian.
Ieoh Jian was most pleased with you.
You were not hungry.

You visited 3 branches of the dungeon, and saw 11 of its levels.

You collected 475 gold pieces.
You spent 42 gold pieces at shops.

Inventory:

Armour
 a - a +0 robe
 c - a +0 leather armour
 f - a +0 plate armour (worn)
 h - a +1 hat of intelligence (worn)
 w - a +0 pair of boots (worn)
Jewellery
 u - a ring of magical power (left hand)
 y - an uncursed ring of loudness
 F - an uncursed ring of protection from fire
 K - a ring of protection from fire (right hand)
Wands
 j - a wand of disintegration (12/24)
 k - a wand of lightning (9/15)
 D - a wand of confusion (14/48)
 N - a wand of paralysis (8/24)
Scrolls
 l - 3 scrolls of identify
 m - a scroll of magic mapping
 n - 4 scrolls of teleportation
 q - 2 scrolls of enchant armour
 s - a scroll of enchant weapon {unknown}
 t - a scroll of recharging
 B - a scroll of random uselessness
 C - a scroll of immolation
 L - a scroll of blinking {unknown}
Potions
 d - 4 potions of ambrosia
 e - a potion of brilliance
 o - 5 potions of heal wounds
 r - a potion of magic
 v - 2 potions of degeneration {unknown}
 x - a potion of invisibility {unknown}
 z - 4 potions of flight {unknown}
 A - 4 potions of curing
 H - a potion of mutation {unknown}
 I - a potion of might
 J - 2 potions of cancellation {unknown}
 M - a potion of resistance {unknown}
Books
 E - a book of Frost

   Spells                             Type                      Level
   a - Freeze                         Ice                          1
   b - Throw Frost                    Conjuration/Ice              2
   c - Ozocubu's Armour               Charms/Ice                   3
   d - Throw Icicle                   Conjuration/Ice              4
   e - Summon Ice Beast               Ice/Summoning                4
 G - a book of Air

   Spells                             Type                      Level
   a - Shock                          Conjuration/Air              1
   b - Swiftness                      Charms/Air                   2
   c - Static Discharge               Conjuration/Air              3
   d - Airstrike                      Air                          4
   e - Lightning Bolt                 Conjuration/Air              5
Comestibles
 b - 6 bread rations
 g - a meat ration
 p - 2 royal jellies


   Skills:
 + Level 4.2 Fighting
 + Level 6.0 Armour
 + Level 3.0 Dodging
 - Level 2.4 Stealth
 + Level 13.4 Unarmed Combat


You had 9 spell levels left.
You didn't know any spells.

Dungeon Overview and Level Annotations

Branches:
Dungeon (9/15)             Temple (1/1) D:5            Lair (1/6) D:9
    Orc: D:9-12

Altars:
Ashenzari
Cheibriados
Dithmenos
Elyvilon
Fedhas
Gozag
Hepliaklqana Ieoh Jian
Kikubaaqudgha
Makhleb
Nemelex Xobeh
Okawaru
Qazlal
Ru
Sif Muna
Trog
Uskayaw
Vehumet
Xom
Yredelemnul
Zin
The Shining One

Shops:
D:5 !


Innate Abilities, Weirdness & Mutations

You have razor-sharp teeth.
Your natural rate of healing is unusually fast.
When hurt, damage is shared between your health and your magic reserves.
Your bite disrupts and absorbs the magic of your enemies.
Potions cannot restore your health.
You are immune to rotting.


Message History

The spiny frog is moderately wounded.
You pummel the spiny frog!!
The spiny frog is severely wounded.
Swooosh!!
You spin and attack the spiny frog with incredible momentum!
You pummel the spiny frog!!
You kill the spiny frog!
The council accepts your kill.
Your Armour skill increases to level 6!
SWOOSH!!!
Unknown command.
Unknown command.
* * * LOW HITPOINT WARNING * * *
You feel very sick.
Unknown command.
You spin and attack the spiny frog.
Your plate armour prevents you from hitting the spiny frog.
You bite the spiny frog. You drain its power.
You feel invigorated.
The spiny frog is lightly wounded.
You die...

# #.#......#######..
#. ##.................
#..#....##...<......F.
#..##%................
#...YYY.......###.....
#....YY.......# ..?..
.....##...PF....P#
##..
######..F.##.....# .
##@..#.......
#...P....?..
#...P......
#.../...... #...#....
#...#.... #...# ...
....# ..


You could see 5 yaks, a spiny frog and a bullfrog.

Vanquished Creatures
  2 two-headed ogres (D:8)
  Pikel (D:6)
  A spiny frog (Lair:1)
  The ghost of HarmlessChicken the Shield-Bearer, a novice OpFi (D:5)
  A yak (Lair:1)
  3 orc warriors
  Duvessa (D:6)
  A slave (D:6)
  2 ice beasts
  3 phantoms
  The ghost of HAWKINGL3623 the Skirmisher, an amateur HOFi (D:4)
  3 ogres
  5 centaurs
  A big kobold (D:7)
  3 bullfrogs (D:7)
  2 scorpions
  Dowan (D:6)
  2 howler monkeys
  4 crimson imps
  A quasit (D:6)
  4 jellies
  5 orc priests
  8 hounds
  3 centaur skeletons
  2 orc wizards (D:7)
  Jessica (D:3)
  An iguana (D:8)
  Natasha (thrice) (D:2)
  9 worker ants
  A hound skeleton (D:4)
  7 gnolls
  12 adders
  A shadow imp (D:5)
  3 oozes
  3 dart slugs
  6 leopard geckos
  25 orcs
  2 bats (D:1)
  7 giant cockroaches
  6 hobgoblins
  20 jackals
  2 quokkas
  6 frilled lizards
  10 goblins
  14 kobolds
  6 rats
206 creatures vanquished.

Vanquished Creatures (others)
  A worker ant (D:6)
  An adder skeleton (D:6)
2 creatures vanquished.

Grand Total: 208 creatures vanquished

Notes
Turn   | Place    | Note
-------+----------+-------------------------------------------
     0 | D:1      | ElephantJack the Vine Stalker Monk began the quest for the Orb.
     0 | D:1      | Reached XP level 1. HP: 11/11 MP: 2/2
   320 | D:1      | Reached XP level 2. HP: 2/16 MP: 3/3
   777 | D:1      | Reached skill level 4 in Unarmed Combat
   815 | D:1      | Reached XP level 3. HP: 14/19 MP: 2/4
  1621 | D:2      | Gained mutation: Your natural rate of healing is unusually fast. [Vine Stalker growth]
  1621 | D:2      | Reached XP level 4. HP: 17/23 MP: 5/5
  1827 | D:2      | Reached skill level 5 in Unarmed Combat
  1868 | D:2      | Noticed Natasha
  1875 | D:2      | Killed Natasha
  1994 | D:2      | Noticed Natasha
  2003 | D:2      | Killed Natasha
  2003 | D:2      | Reached XP level 5. HP: 18/27 MP: 4/6
  2176 | D:2      | Noticed Natasha
  2181 | D:2      | Killed Natasha
  2371 | D:2      | Reached skill level 6 in Unarmed Combat
  2879 | D:3      | Noticed Jessica
  2884 | D:3      | Killed Jessica
  2915 | D:3      | Reached XP level 6. HP: 23/32 MP: 5/7
  3228 | D:3      | Found a sparkling altar of Nemelex Xobeh.
  3303 | D:3      | Found a stormy altar of Qazlal.
  3307 | D:3      | Noticed a fire elemental
  3313 | D:3      | Noticed an air elemental
  3313 | D:3      | Noticed a water elemental
  3494 | D:3      | Reached skill level 1 in Armour
  3579 | D:4      | Reached skill level 7 in Unarmed Combat
  3592 | D:4      | Noticed an orc warrior
  3605 | D:4      | Killed an orc warrior
  3605 | D:4      | Reached XP level 7. HP: 10/35 MP: 8/8
  3636 | D:4      | Noticed HAWKINGL3623's ghost (amateur HOFi)
  3690 | D:4      | Found a radiant altar of Vehumet.
  4035 | D:4      | Found a shadowy altar of Dithmenos.
  4425 | D:4      | Killed HAWKINGL3623's ghost
  4425 | D:4      | Reached skill level 8 in Unarmed Combat
  4522 | D:5      | Entered Level 5 of the Dungeon
  4618 | D:5      | Gained mutation: You have razor-sharp teeth. [Vine Stalker growth]
  4618 | D:5      | Reached XP level 8. HP: 37/40 MP: 9/9
  4632 | D:5      | Found a staircase to the Ecumenical Temple.
  4681 | Temple   | Entered the Ecumenical Temple
  4907 | Temple   | Became a worshipper of the Ieoh Jian Council
  4907 | Temple   | Reached * piety under Ieoh Jian
  4907 | Temple   | Reached ** piety under Ieoh Jian
  5064 | D:5      | Found Ahudum's Distillery.
  5067 | D:5      | Bought a potion of curing for 42 gold pieces
  5083 | D:5      | Found a shimmering altar of Xom.
  5208 | D:5      | Noticed HarmlessChicken's ghost (novice OpFi)
  5238 | D:5      | Killed HarmlessChicken's ghost
  5238 | D:5      | Reached skill level 9 in Unarmed Combat
  5567 | D:6      | Noticed Pikel
  5616 | D:6      | Noticed Dowan
  5618 | D:6      | Noticed Duvessa
  5629 | D:6      | Killed Dowan
  5644 | D:6      | Killed Duvessa
  5661 | D:6      | Killed Pikel
  5661 | D:6      | Reached skill level 10 in Unarmed Combat
  5661 | D:6      | Reached XP level 9. HP: 39/45 MP: 10/10
  5835 | D:6      | Found a glowing golden altar of the Shining One.
  6137 | D:7      | Reached skill level 11 in Unarmed Combat
  6382 | D:7      | Reached *** piety under Ieoh Jian
  6476 | D:7      | Found a shattered altar of Ashenzari.
  6512 | D:7      | Found a hide-covered altar of Uskayaw.
  6624 | D:7      | Reached skill level 5 in Armour
  6624 | D:7      | Reached XP level 10. HP: 43/49 MP: 11/11
  6823 | D:7      | Reached skill level 12 in Unarmed Combat
  7241 | D:8      | Found a deep blue altar of Sif Muna.
  7249 | D:8      | Noticed a two-headed ogre
  7264 | D:8      | Killed a two-headed ogre
  7496 | D:8      | Noticed a two-headed ogre
  7508 | D:8      | Killed a two-headed ogre
  7508 | D:8      | Reached skill level 13 in Unarmed Combat
  7549 | D:8      | Reached **** piety under Ieoh Jian
  7912 | D:9      | Found a bloodstained altar of Trog.
  8246 | D:9      | Found a staircase to the Lair.
  8478 | Lair:1   | Entered Level 1 of the Lair of Beasts
  8481 | Lair:1   | Noticed a spiny frog
  8482 | Lair:1   | Noticed a spiny frog
  8494 | Lair:1   | Killed a spiny frog
  8494 | Lair:1   | HP: 1/50 [poisoned by a spiny frog]
  8495 | Lair:1   | Succumbed to a spiny frog's poison

Vault maps used:
D:1:      lemuel_arrival_broad_hall, serial_glass, glass_columns_a,
          glass_columns_c, minmay_heptomino_l4
D:2:      uniq_natasha
D:3:      nicolae_qazlal_style_of_elements, nemelex_lonely_heart_becter,
          uniq_jessica
D:4:      nicolae_overflow_crystal_walls, first_bread, grunt_dithmenos_shadows
D:5:      led_xom_imps, temple_pool_b, serial_shops, nicolae_shop_trees
D:6:      tso_metal_star, uniq_pikel, uniq_duvessa
D:7:      lemuel_doored_altar, kennysheep_mini_moat,
          kennysheep_opposing_triangles
D:8:      overflow_temple_1_default
D:9:      lair_entry_dummy, basic_altar
Temple:   regret_index_temple_generic_petals
Lair:1:   minmay_lair_oklob_tunnel

Skill      XL: |  1  2  3  4  5  6  7  8  9 10 |
---------------+-------------------------------+-----
Unarmed Combat | 4 5 6 7 8 10 11 13 | 13.4
Armour         | 1 2 4 5 6 |  6.0
Fighting       | 3 4 |  4.2
Dodging        | 3 |  3.0
Stealth        | |  2.4

Action                   |  1- 3 |  4- 6 |  7- 9 | 10-12 || total
-------------------------+-------+-------+-------+-------++-------
Melee: Unarmed           |   137 |   135 |   352 |   156 ||   780
       Bite              |    37 |    46 |   108 |    61 ||   252
       Punch             |     3 |     6 |    14 |     6 ||    29
Invok: Serpent's Lash    |       |       |       |     1 ||     1
  Use: Scroll            |       |     4 |     3 |     6 ||    13
       Potion            |       |     1 |     1 |       ||     2
 Stab: Sleeping          |     1 |     5 |       |       ||     6
  Eat: Chunk             |     2 |     7 |    10 |     3 ||    22
       Fruit             |       |       |       |     3 ||     3
Armor: Leather armour    |    27 |    21 |       |       ||    48
       Plate armour      |       |       |   192 |    49 ||   241
Dodge: Dodged            |    97 |    60 |    56 |    23 ||   236
